Map: Oblivion Express

Players

Mike

  • Race: Zerg Zerg

NamroodTuo

  • Race: Terran Terran
  • Spawn Location: 12:00

VOD

Have the link to the VOD?

Description

Time

  • Played on: Jan. 28, 2023, 9:12 a.m.
  • Length: 24:55
Show
View Real Time Build Order
Export as new Build Order

Mike Zerg 

Build Orders:  

Get SALT Encoding   

  18  0:03  Primal Drone  
  19  0:14  Primal Drone  
  20  0:24  Primal Drone  
  21  0:30  Extractor  
  21  0:37  Extractor  
  21  0:44  Primal Drone  
  21  0:49  Primal Drone  
  23  1:17  Primal Drone  
  23  1:18  Primal Drone  
  25  1:33  Primal Drone  
  26  1:49  Primal Drone  
  27  2:08  Primal Warden  
  27  2:09  Primal Drone  
  29  2:11  Primal Drone  
  30  2:43  Primal Drone x2  
  32  3:17  Primal Zergling  
  33  3:26  Primal Zergling  
  33  3:29  Primal Drone  
  35  3:30  Primal Drone  
  36  3:40  Glevig's Den  
  36  3:42  Primal Attacks Level 1  
  36  3:49  Primal Drone  
  36  3:50  Primal Drone  
  36  3:59  Primal Zergling  
  38  4:00  Primal Zergling  
  44  4:58  Primal Hive  
  44  5:15  Murvar's Den  
  43  5:20  Primal Hydralisk  
  43  5:21  Primal Hydralisk  
  43  5:22  Primal Hydralisk  
  43  5:23  Primal Hydralisk x2  
  53  5:38  Primal Drone x4  
  53  5:39  Primal Drone  
  58  6:22  Primal Carapace Level 1  
  58  6:30  Primal Roach  
  58  6:31  Primal Roach x2  
  58  6:32  Primal Roach  
  67  7:00  Primal Warden  
  66  7:57  Primal Swarm Host  
  66  7:58  Primal Swarm Host  
  66  7:59  Primal Swarm Host  
  75  8:00  Primal Swarm Host  
  78  8:27  Dakrun's Den  
  77  8:34  Glial Reconstitution  
  73  9:02  Primal Attacks Level 2  
  72  9:34  Muscular Augments  
  68  10:57  Primal Swarm Host x2  
  68  10:58  Primal Swarm Host  
  77  11:00  Primal Swarm Host  
  77  11:09  Healing Adaptation  
  80  11:21  Primal Drone x3  
  80  11:26  Primal Drone x2  
  80  11:27  Extractor, Primal Drone  
  80  11:29  Extractor  
  74  12:12  Primal Carapace Level 2  
  74  12:40  Primal Ultralisk  
  80  12:50  Primal Ultralisk  
  86  13:11  Primal Drone  
  86  13:12  Primal Drone x2  
  89  13:58  Primal Swarm Host x2  
  89  13:59  Primal Swarm Host  
  98  14:00  Primal Swarm Host  
  101  17:24  Primal Swarm Host x3  
  101  17:27  Primal Swarm Host  
  113  19:50  Primal Ultralisk  
  113  19:51  Primal Ultralisk  
  113  19:58  Brutal Charge  
  125  20:03  Primal Attacks Level 3  
  125  20:12  Primal Carapace Level 3  
Show
View Real Time Build Order
Export as new Build Order

NamroodTuo Terran 

Build Orders:  

Get SALT Encoding   

  12  0:02  SCV  
  13  0:16  SCV  
  14  0:30  Supply Depot  
  14  0:47  SCV  
  15  1:00  SCV  
  15  1:06  Factory  
  16  1:14  SCV  
  17  1:27  SCV  
  18  1:30  Supply Depot  
  18  1:49  Perdition Turret  
  18  1:53  SCV  
  19  2:07  SCV  
  20  2:20  SCV  
  21  2:34  SCV  
  22  2:47  SCV  
  22  2:49  Devastation Turret  
  23  3:01  SCV, Devastation Turret  
  24  3:14  Devastation Turret  
  24  3:15  SCV  
  25  3:28  SCV  
  26  3:38  Perdition Turret  
  26  3:42  SCV  
  27  3:53  Devastation Turret  
  27  3:55  SCV  
  28  4:02  Engineering Bay  
  28  4:09  SCV  
  29  4:12  Refinery  
  29  4:16  Refinery  
  29  4:27  Devastation Turret  
  29  4:39  Perdition Turret  
  29  4:50  Devastation Turret  
  29  5:04  Devastation Turret  
  29  5:08  Armory  
  29  5:21  Spinning Dizzy  
  29  5:36  Spinning Dizzy  
  29  5:48  SCV  
  29  5:49  Devastation Turret  
  30  6:01  Supply Depot  
  30  6:02  SCV  
  30  6:08  Perdition Turret  
  30  6:09  Perdition Turret  
  31  6:10  Supply Depot  
  31  6:31  SCV, Devastation Turret  
  32  7:14  Devastation Turret  
  32  7:30  Devastation Turret  
  32  7:32  SCV  
  33  7:45  SCV  
  34  7:59  SCV, Devastation Turret  
  35  8:00  Devastation Turret  
  35  8:12  SCV  
  35  8:18  Devastation Turret  
  36  8:22  Spinning Dizzy  
  36  8:26  SCV  
  36  8:29  Devastation Turret  
  37  8:39  SCV  
  37  8:42  Devastation Turret  
  38  8:56  Perdition Turret  
  38  9:07  Devastation Turret  
  38  9:24  Devastation Turret  
  38  9:41  Perdition Turret  
  38  9:43  Upgrade Laser Drill Level 1  
  38  9:45  Fire-Suppression Systems  
  38  9:53  Supply Depot  
  38  10:10  SCV  
  39  10:24  SCV  
  40  10:33  Perdition Turret  
  40  10:34  Perdition Turret  
  40  10:37  SCV  
  41  10:56  Command Center  
  41  11:06  Devastation Turret  
  41  11:12  Perdition Turret  
  41  11:23  Devastation Turret  
  41  11:34  SCV  
  42  11:48  SCV  
  43  12:01  SCV  
  43  12:08  Perdition Turret  
  44  12:10  Perdition Turret, Devastation Turret  
  44  12:11  Devastation Turret  
  44  12:15  SCV  
  44  12:19  Perdition Turret  
  45  12:27  Devastation Turret  
  45  12:42  Devastation Turret  
  45  12:43  Perdition Turret  
  45  13:02  Perdition Turret  
  45  13:06  Spinning Dizzy  
  45  13:07  Spinning Dizzy  
  45  13:14  Spinning Dizzy  
  45  13:19  Perdition Turret  
  45  13:26  SCV, Spinning Dizzy  
  46  13:31  Perdition Turret  
  83  13:40  SCV  
  47  13:53  SCV  
  47  13:54  Upgrade Laser Drill Level 2  
  48  14:07  SCV  
  49  14:20  SCV  
  49  14:21  KMC Auto-Loaders  
  50  14:34  SCV  
  50  14:36  Supply Depot  
  51  14:54  Devastation Turret  
  51  15:00  Perdition Turret  
  51  15:05  SCV  
  52  15:10  Perdition Turret  
  52  15:19  SCV, Perdition Turret  
  53  15:21  Advanced Optics  
  52  15:32  SCV  
  53  15:41  Perdition Turret  
  53  15:46  SCV  
  54  15:51  Structure Armor  
  54  15:59  SCV  
  55  16:13  SCV  
  55  16:16  Spinning Dizzy  
  56  16:27  SCV  
  57  16:32  Devastation Turret  
  57  16:40  SCV  
  58  16:51  Hi-Sec Auto Tracking  
  58  16:54  SCV  
  59  17:14  Devastation Turret  
  59  17:18  Devastation Turret  
  59  17:20  Devastation Turret  
  59  17:21  Regenerative Bio-Steel  
  59  17:22  Devastation Turret  
  59  17:41  Devastation Turret x2  
  59  17:46  Devastation Turret  
  59  17:50  Spinning Dizzy  
  59  17:57  Supply Depot  
  59  18:04  Perdition Turret  
  59  18:08  Spinning Dizzy  
  59  18:12  Perdition Turret  
  59  18:29  Supply Depot  
  59  18:40  Perdition Turret  
  59  18:51  Terran Vehicle and Ship Weapons Level 1  
  59  19:01  Supply Depot  
  59  19:04  Perdition Turret  
  59  19:11  Spinning Dizzy  
  59  19:18  Perdition Turret  
  59  19:27  Perdition Turret  
  59  19:28  Perdition Turret  
  59  19:30  Perdition Turret x2  
  59  19:35  Supply Depot  
  59  19:43  Spinning Dizzy  
  59  20:13  Supply Depot  
  59  20:19  Perdition Turret  
  59  20:22  Perdition Turret  
  59  20:43  Supply Depot  
  59  20:44  Perdition Turret  
  59  20:48  Devastation Turret  
  59  21:08  Spinning Dizzy  
  59  21:09  Perdition Turret  
  59  21:11  Spinning Dizzy  
  59  21:19  Devastation Turret  
  59  21:28  Devastation Turret  
  59  21:31  Terran Vehicle And Ship Armor Level 1  
  58  21:40  Perdition Turret  
  58  21:42  Perdition Turret  
  58  21:47  Devastation Turret  
  58  21:50  Perdition Turret  
  58  21:54  Perdition Turret  
  58  21:55  Perdition Turret  
  58  22:15  Devastation Turret  
  58  22:28  Devastation Turret  
  58  22:44  Devastation Turret  
  58  23:12  Refinery, Devastation Turret  
  58  23:15  SCV  
  58  23:16  Refinery  
  59  23:28  SCV  
  60  23:42  SCV  
  61  23:56  SCV  
  62  24:30  Perdition Turret x2  
  62  24:31  Perdition Turret  
  62  24:32  Perdition Turret  
  62  24:33  Perdition Turret  
  62  24:34  Perdition Turret x2  
Tags
 
Commander
DehakaSwann
Matchup
Co-op
Replay Pack
Multiplayer
Add a new tag
Caveats
  • Supply blocks, unpowered buildings, or Contaminate may cause inaccurate times.
  • Supply counts are checked every 10 seconds.